Description

Double the archons, double the warp prisms, double the IMBALANCE!

VOD

https://www.youtube.com/watch?v=ioysU0uSAJM

Replay - pvz archon doomdrop

Build Order

Get SALT Encoding   

  12  0:01  Probe (Chrono Boost)  
  13  0:11  Probe (Chrono Boost)  
  14  0:18  Pylon  
  14  0:22  Probe (Chrono Boost)  
  15  0:36  Probe (Chrono Boost)  
  15  0:38  Gateway  
  16  0:45  Assimilator  
  16  0:48  Probe (Chrono Boost)  
  17  0:58  Probe (Chrono Boost)  
  18  1:09  Probe (Chrono Boost)  
  19  1:23  Nexus  
  19  1:26  Probe (Chrono Boost)  
  20  1:39  Probe (Chrono Boost)  
  21  1:40  Cybernetics Core  
  21  1:44  Assimilator  
  21  1:50  Probe (Chrono Boost)  
  23  2:09  Pylon  
  23  2:18  Warp Gate  
  23  2:23  Stalker  
  27  2:39  Twilight Council  
  28  2:50  Zealot  
  29  2:56  Mothership Core (Chrono Boost)  
  34  3:12  Robotics Facility  
  38  3:41  Dark Shrine  
  39  3:48  Gateway x2  
  40  3:53  Gateway x2  
  41  3:59  Pylon  
  42  4:04  Warp Prism  
  46  4:12  Assimilator x2  
  51  4:39  Pylon x2  
  52  4:49  Nexus  
  54  5:06  Dark Templar x4  
  56  5:13  Warp Prism  
  67  5:40  Archon x2  
  67  5:46  Dark Templar  
  70  6:02  Dark Templar x3  
  76  6:06  Observer  
  76  6:09  Archon x2  
  79  6:22  Immortal  
  85  6:34  Blink  
  85  6:36  Gateway x3  
  85  6:44  Sentry x3  
  94  6:48  Assimilator x2  
  89  7:05  Sentry  
  92  7:15  Stalker x3  
  97  7:30  Sentry  
  99  7:37  Gateway x2  
  99  7:51  Immortal  
  93  7:53  Zealot x2, Sentry x2  
  93  7:55  Stalker  
  100  8:10  Sentry x2  
  102  8:20  Nexus  
  102  8:25  Immortal  
  101  8:27  Robotics Facility  
  104  8:40  Cybernetics Core  
  100  8:59  Immortal  
  96  9:07  Sentry  
  96  9:08  Stalker x4  
  104  9:16  Immortal  
  98  9:24  Stalker  
Spawning Tool Build Advisor. Get it on Overwolf

Go to:

Details

  • Created by: PiG      
  • Published on: Jun 08, 2017
  • Modified on: Jun 08, 2017
  • Patch: 3.8.0
Show
View Real Time Build Order
Export as new Build Order

Comments (0)

There are no comments. Be the first!

Create an account to comment!